 Dungeon Crawl Stone Soup version 0.18.1-2-ga659475 (webtiles) character file.

4 FortTelll the Sneak (level 1, -5/9 HPs)
             Began as a Spriggan Wanderer on May 8, 2016.
             Killed from afar by a dart slug (6 damage)
             ... with a slug dart
             ... on level 1 of the Dungeon.
             The game lasted 00:04:49 (157 turns).

FortTelll the Sneak (Spriggan Wanderer)              Turns: 157, Time: 00:04:51

Health: -5/9       AC:  2    Str:  9    XL:     1   Next: 58%
Magic:  5/5        EV: 15    Int: 12    God:
Gold:   6          SH:  0    Dex: 15    Spells: 0 memorised, 6 levels left

rFire  . . .     SeeInvis +     i - +0 dagger
rCold  . . .     Gourm    .     c - +0 robe
rNeg   . . .     Faith    .     (shield restricted)
rPois  .         Spirit   .     (helmet restricted)
rElec  .         Dismiss  .     (no cloak)
rCorr  .         Reflect  .     (gloves unavailable)
SustAt +         Harm     .     (boots unavailable)
MR     .....                    (no amulet)
Stlth  +++.......               (no ring)
                                l - ring of sustain attributes

@: very quick, not resistant to hostile enchantments, fairly stealthy
A: unfitting armour, see invisible, herbivore 3, speed 3, slow metabolism 2
a: no special abilities


You were on level 1 of the Dungeon.
You were not hungry.

You visited 1 branch of the dungeon, and saw 1 of its levels.

You collected 6 gold pieces.

Inventory:

Hand Weapons
 d - a +0 dagger
 i - a +0 dagger (weapon)
 j - a +0 club
Missiles
 g - 23 stones (quivered)
Armour
 c - a +0 robe (worn)
Jewellery
 l - a ring of sustain attributes (left hand)
Scrolls
 e - a scroll of identify {unknown}
Potions
 b - a potion of lignification
Books
 a - a book of Minor Magic

   Spells                             Type                      Level
   a - Magic Dart                     Conjuration                  1
   b - Blink                          Translocation                2
   c - Call Imp                       Summoning                    2
   d - Repel Missiles                 Charms/Air                   2
   e - Slow                           Hexes                        2
   f - Conjure Flame                  Conjuration/Fire             3
   g - Mephitic Cloud                 Conjuration/Poison/Air       3
Comestibles
 f - 2 bread rations
 h - a meat ration
 k - 2 chunks of flesh


   Skills:
 + Level 3.1 Stealth
 + Level 3.1 Spellcasting
   Level 2.4 Hexes
   Level 1.0 Necromancy
   Level 2.6 Transmutations
   Level 1.0 Air Magic


You had 6 spell levels left.
You didn't know any spells.

Dungeon Overview and Level Annotations

Branches:
Dungeon (1/15)

Altars:


Innate Abilities, Weirdness & Mutations

You are tiny and cannot use many weapons and most armour.
You have supernaturally acute eyesight.
You are a herbivore.
You cover ground extremely quickly.
You need consume almost no food.


Message History

You kill the kobold!
You hit the dart slug.
The dart slug is lightly wounded.
The dart slug bites you.
* * * LOW HITPOINT WARNING * * *
You see here 2 stones.
Throwing (i - inventory):
g - 25 stones (quivered)
Press: ? - help, Shift-Dir - straight line, f - dart slug
Aim: a dart slug (lightly wounded, clinging)
You throw a stone. The stone barely misses the dart slug.
Throwing (i - inventory):
g - 24 stones (quivered)
Press: ? - help, Shift-Dir - straight line, f/p - dart slug
Aim: a dart slug (lightly wounded, clinging)
You throw a stone.
The stone hits the dart slug but does no damage.
The dart slug is lightly wounded.
The dart slug launches a dart at you. The slug dart hits you!
Ouch! That really hurt!
You die...

#.....##...## #...##
#.....##...# ##.#..#
#.....##...## ####...##.#
#.....#8...8###....####.#
#.....##...##...........###
#......#......########....##
#......##....## ##.#..#
#......##.....### #.##.#
#......##..##.@.#######.#..#
####.#.##.#####(.w(.)(#.#..#
######.#.#... #######.>....#
.....#.#.#.## ##...#.#
.....#.#.#.# ##..# #
......#.#.###.# #..#
#..........# ##(.#
#........... .(.(#
#...#######. ...(.#


You could see a dart slug.

Vanquished Creatures
  3 goblins (D:1)
  A kobold (D:1)
4 creatures vanquished.

Vanquished Creatures (others)
  A ghoul (D:1)
  2 gargoyles (D:1)
  An elf (D:1)
  A troll (D:1)
  3 formicids (D:1)
  2 dwarves (D:1)
  A mummy (D:1)
  A kobold (D:1)
  5 tentacles (D:1)
  41 tentacle segments (D:1)
58 creatures vanquished.

Grand Total: 62 creatures vanquished

Notes
Turn   | Place    | Note
--------------------------------------------------------------
     0 | D:1      | FortTelll the Spriggan Wanderer began the quest for the Orb.
     0 | D:1      | FortTelll set off with: a book of Minor Magic, a potion of lignification, a +0 robe, a +0 dagger, a bread ration
     0 | D:1      | Reached XP level 1. HP: 9/9 MP: 5/5
     0 | D:1      | Noticed an elf
     0 | D:1      | Noticed a gargoyle
     0 | D:1      | Noticed a ghoul
     0 | D:1      | Noticed a gargoyle
     0 | D:1      | Noticed a dwarf
     0 | D:1      | Noticed a formicid
     0 | D:1      | Noticed a kraken
     0 | D:1      | Noticed a dwarf
     0 | D:1      | Noticed a troll
     0 | D:1      | Noticed a formicid
     0 | D:1      | Noticed a formicid
     4 | D:1      | Killed a formicid
     6 | D:1      | Killed a gargoyle
     8 | D:1      | Killed a dwarf
     9 | D:1      | Killed an elf
    11 | D:1      | Killed a formicid
    11 | D:1      | Killed a troll
    11 | D:1      | Killed a gargoyle
    19 | D:1      | Killed a formicid
    20 | D:1      | Killed a dwarf
    25 | D:1      | Killed a ghoul
   157 | D:1      | Killed from afar by a dart slug

Skill      XL: |  1 |
---------------+----+-----
Spellcasting   | 3 |  3.1
Stealth        | |  3.1
Hexes          | |  2.4
Necromancy     | |  1.0
Transmutations | |  2.6
Air Magic      | |  1.0

Action                   || total
-------------------------++-------
Melee: Dagger            ||    12
Throw: Stone             ||    19
Armor: Robe              ||     1
Dodge: Dodged            ||     9
